Map: Catallena LE (Void)

Players

블랙 - Winner!

  • Race: Terran Terran
  • League: Silver
  • Spawn Location: 9:00

llllllllllll

  • Race: Protoss Protoss
  • League: Silver
  • Spawn Location: 5:00

VOD

Have the link to the VOD?

Description

Time

  • Played on: Aug. 8, 2017, 1:57 p.m.
  • Length: 54:12
Show
View Real Time Build Order
Export as new Build Order

블랙 Terran - Winner!

Build Orders:  

Get SALT Encoding   

  12  0:01  SCV  
  13  0:13  SCV  
  14  0:25  SCV  
  15  0:31  Supply Depot  
  15  0:37  Refinery  
  15  0:50  Refinery  
  15  0:52  SCV  
  15  0:54  Barracks  
  16  1:05  SCV  
  17  1:17  SCV  
  18  1:29  SCV  
  19  1:41  SCV  
  19  1:42  Barracks Reactor  
  19  1:44  Factory  
  20  1:54  SCV, Supply Depot  
  21  2:10  Orbital Command  
  21  2:21  Marine x2  
  23  2:27  Widow Mine  
  25  2:38  Engineering Bay  
  25  2:39  SCV  
  25  2:41  Reaper  
  28  2:51  SCV, Supply Depot  
  28  2:56  Widow Mine, Marine  
  31  3:13  SCV  
  31  3:15  Missile Turret  
  31  3:19  Marine x2  
  33  3:24  Starport  
  34  3:38  Factory Tech Lab, Barracks  
  34  3:41  SCV  
  35  4:02  Siege Tank  
  38  4:03  Starport Reactor  
  38  4:16  Command Center  
  38  4:17  Marine  
  38  4:23  Marine  
  39  4:25  Barracks  
  39  4:27  Supply Depot  
  39  4:36  Barracks Tech Lab  
  39  4:48  SCV, Medivac x2  
  39  4:49  Supply Depot  
  44  4:55  Stimpack  
  44  5:04  Widow Mine  
  44  5:05  Marine  
  47  5:11  Marauder, Marine  
  50  5:15  Supply Depot  
  50  5:24  Barracks Tech Lab  
  50  5:35  Liberator  
  50  5:42  Orbital Command  
  50  5:44  SCV  
  50  5:47  Marauder x2  
  58  6:03  Siege Tank, Orbital Command  
  61  6:05  Marine x2  
  61  6:08  Marine x2  
  63  6:47  Liberator  
  63  6:50  SCV  
  64  7:00  Missile Turret  
  64  7:02  Siege Tank, SCV  
  64  7:04  Medivac  
  64  7:06  Bunker  
  64  7:07  Marauder, Marine x2  
  64  7:08  Marauder  
  71  7:23  SCV  
  71  7:28  Marine x2  
  71  7:29  Marauder  
  76  7:30  Bunker  
  76  7:34  Widow Mine  
  76  7:36  Supply Depot  
  78  7:41  Factory  
  78  7:44  Starport  
  78  7:49  Supply Depot  
  78  7:50  Terran Infantry Weapons Level 1  
  78  8:01  Missile Turret  
  78  8:07  Refinery  
  78  8:33  Liberator x2  
  72  8:46  SCV  
  73  8:52  Starport Tech Lab, Factory Tech Lab  
  79  8:57  Widow Mine  
  81  9:05  Supply Depot  
  81  9:14  SCV  
  82  9:23  Medivac  
  84  9:29  Supply Depot  
  84  9:31  Missile Turret  
  84  9:33  Medivac x2  
  88  9:39  Refinery  
  88  9:44  Armory  
  88  9:55  Marauder, Marine x2, Engineering Bay  
  88  9:56  Marauder  
  94  10:02  Barracks  
  94  10:10  Barracks  
  94  10:12  Command Center  
  94  10:15  Widow Mine x2  
  97  10:31  Missile Turret  
  97  10:32  Missile Turret  
  97  10:43  Widow Mine  
  97  10:44  Widow Mine  
  101  10:54  Barracks Tech Lab, Missile Turret  
  101  10:59  Barracks Reactor  
  101  11:04  Barracks Tech Lab  
  101  11:07  Liberator x2  
  107  11:34  SCV  
  106  11:45  Missile Turret  
  102  11:50  Bunker  
  102  11:52  Marine  
  103  11:56  Marauder, Marine, Missile Turret  
  103  12:14  Viking x2  
  107  12:38  Terran Infantry Weapons Level 2  
  107  12:41  Terran Infantry Armor Level 1  
  94  13:12  Marine x3  
  97  13:25  Command Center  
  96  13:35  Marine x3  
  96  13:36  Marine x2  
  96  13:37  Marauder  
  100  13:54  Marine  
  100  13:55  Marine x3  
  105  13:56  Marauder x2  
  105  13:57  Marine  
  109  14:12  Marine  
  109  14:14  Supply Depot  
  109  14:15  Medivac, Marine x4  
  116  14:40  SCV  
  116  14:42  Missile Turret  
  91  15:26  SCV  
  90  15:35  Command Center  
  90  15:41  Medivac x2  
  90  15:42  Viking  
  96  15:43  Widow Mine  
  96  15:44  Widow Mine  
  96  15:48  Missile Turret  
  100  16:10  Bunker  
  100  16:14  Missile Turret  
  100  16:19  Widow Mine  
  100  16:20  Widow Mine  
  104  16:28  Command Center  
  104  16:36  Marauder, Marine  
  104  16:37  Marauder  
  109  16:44  Marine  
  110  16:49  Siege Tank x2  
  116  16:56  Bunker  
  74  17:30  Widow Mine x2  
  74  17:33  Marauder, Marine x2  
  74  17:34  Marauder, Marine  
  74  17:37  SCV  
  86  17:49  SCV  
  87  17:52  Medivac  
  88  17:58  Widow Mine  
  88  17:59  Widow Mine  
  88  18:01  SCV  
  92  18:28  Marauder x2, Marine x3  
  92  18:29  Marine  
  92  18:30  Marauder  
  92  18:32  Medivac x2  
  106  18:43  Liberator  
  106  18:46  Marine  
  107  18:52  Marauder, Marine x3  
  107  18:55  Command Center  
  115  19:07  Widow Mine x2  
  119  19:20  Marine x3  
  119  19:21  Marauder  
  124  19:28  SCV  
  125  19:35  Widow Mine  
  125  19:36  Widow Mine  
  129  19:40  SCV  
  130  19:47  Viking x2  
  130  19:52  SCV  
  124  20:21  SCV  
  125  20:33  SCV, Liberator  
  126  20:41  Marauder x2, Marine x4  
  134  20:45  SCV  
  134  20:46  Siege Tank, Widow Mine  
  139  20:52  Marauder  
  144  20:58  SCV  
  144  20:59  Marine x4  
  144  21:02  Marine x2  
  144  21:03  Medivac  
  153  21:05  Medivac  
  153  21:10  SCV  
  156  21:21  Bunker  
  156  21:29  Widow Mine x2  
  156  21:30  Marauder, Supply Depot  
  162  21:35  Marine  
  162  21:36  Marine  
  162  21:45  Viking x2  
  159  21:54  Viking  
  159  21:56  SCV, Missile Turret  
  162  22:04  Supply Depot  
  162  22:06  Supply Depot  
  162  22:08  SCV  
  143  22:36  Viking x3  
  149  22:48  Refinery, Orbital Command  
  149  22:52  Refinery, Cloaking Field  
  149  23:01  SCV  
  150  23:06  Medivac x3  
  156  23:13  SCV  
  156  23:14  Marauder x2, Marine x3  
  156  23:17  Command Center  
  143  23:42  Marine x3  
  143  23:43  Marauder, Marine x3  
  151  24:00  Marine x3  
  154  24:12  High Capacity Fuel Tanks  
  154  24:22  Missile Turret  
  107  25:01  SCV  
  107  25:04  SCV  
  107  25:05  Missile Turret  
  109  25:13  SCV  
  110  25:16  SCV  
  110  25:21  Marauder, Marine  
  114  25:25  Missile Turret  
  114  25:26  SCV, Terran Vehicle Weapons Level 1  
  114  25:27  Terran Infantry Weapons Level 3  
  116  25:28  SCV  
  116  25:34  Marine x5  
  121  25:38  SCV, Marine  
  121  25:42  Marine  
  124  25:46  Bunker  
  124  25:51  Marine  
  124  25:52  Marine x4  
  124  25:56  Orbital Command  
  129  26:01  Refinery  
  129  26:02  Refinery  
  129  26:10  Missile Turret  
  129  26:18  Marine x2  
  129  26:19  Marine x5  
  129  26:21  Viking, Medivac  
  129  26:22  Viking  
  129  26:24  SCV  
  143  26:28  SCV  
  144  26:35  SCV  
  144  26:36  Marine  
  144  26:37  Liberator  
  144  26:38  Liberator  
  146  26:41  SCV  
  146  26:46  Missile Turret  
  147  26:47  SCV  
  147  26:53  SCV, Missile Turret  
  149  26:59  SCV  
  156  27:02  Widow Mine x2  
  156  27:04  Marine x3  
  156  27:05  SCV, Marine x2  
  166  27:11  SCV  
  150  27:17  SCV  
  130  27:23  SCV  
  129  27:33  Marine x3  
  129  27:34  Marauder x2, Marine x2  
  129  27:35  Siege Tank  
  129  27:36  Widow Mine  
  143  27:40  SCV  
  144  27:51  Marine x4  
  146  27:52  Marauder, SCV  
  146  27:55  Marauder, Marine  
  154  28:05  Siege Tank  
  157  28:07  Siege Tank  
  157  28:08  Marine  
  157  28:09  Marine  
  157  28:11  Terran Vehicle Weapons Level 2  
  162  28:15  SCV  
  163  28:29  Missile Turret  
  163  28:35  Bunker  
  163  28:38  Marauder x2, Marine x4  
  163  28:39  Marine  
  172  28:41  Viking  
  172  28:42  Medivac  
  176  28:56  Marine x2  
  177  29:05  Missile Turret  
  177  29:09  Liberator  
  165  29:10  Liberator  
  165  29:11  Liberator  
  171  29:36  Marauder x2, Marine x3  
  171  29:37  Marine x2  
  180  29:42  Supply Depot  
  180  29:44  Supply Depot  
  180  29:47  Widow Mine  
  180  29:52  Missile Turret  
  146  31:27  Viking x2  
  146  31:28  Viking  
  146  31:32  Terran Vehicle Weapons Level 3  
  152  32:02  Orbital Command  
  152  32:15  Viking, Medivac x2  
  156  32:17  Thor x2  
  156  32:21  Marine x2  
  156  32:22  Marine x4  
  176  32:23  Marauder  
  178  32:40  Marauder  
  178  32:41  Marauder  
  182  32:52  Sensor Tower  
  182  33:05  Viking x2  
  177  33:29  Siege Tank x2  
  177  33:30  Marauder x2, Marine  
  177  33:32  Viking  
  186  33:35  Viking  
  186  33:41  Marine x2  
  188  34:05  Liberator x2  
  169  34:23  Viking  
  171  34:32  Missile Turret  
  120  35:26  SCV  
  120  35:27  Liberator  
  121  35:30  Refinery  
  121  35:32  Refinery  
  121  35:38  SCV  
  122  35:42  Viking  
  122  35:43  Viking  
  129  35:50  SCV  
  114  36:02  Marauder x3, Marine x3  
  114  36:04  Siege Tank  
  126  36:16  Missile Turret  
  126  36:17  Missile Turret  
  126  36:21  SCV  
  126  36:23  Marauder x3  
  126  36:24  Missile Turret  
  107  36:33  SCV  
  107  36:34  Viking x3  
  114  36:45  SCV  
  115  36:57  SCV  
  115  37:00  Marine x5  
  115  37:01  Marine x2  
  122  37:04  Terran Ship Weapons Level 1  
  122  37:05  Terran Infantry Armor Level 2  
  123  37:09  SCV  
  124  37:18  Marine x5  
  124  37:19  Siege Tank, Marine x2  
  124  37:21  SCV  
  112  37:35  Marine  
  112  37:36  Marine x5  
  112  37:37  Marine  
  110  37:42  Widow Mine  
  114  37:51  Siege Tank  
  114  37:53  Marine x2  
  114  37:54  Marine x5  
  114  37:57  Barracks  
  121  37:59  SCV, Barracks  
  121  38:01  Barracks  
  121  38:10  Widow Mine  
  121  38:11  Marine x3  
  121  38:12  SCV, Marine x4  
  126  38:17  Refinery  
  126  38:24  SCV, Viking  
  126  38:25  Viking x2  
  133  38:29  Marine  
  133  38:30  Marauder x2  
  133  38:31  Marauder  
  126  38:36  SCV  
  118  38:46  Barracks  
  118  38:53  Marauder, Marine x3  
  118  38:54  Marauder, Marine  
  118  38:55  Siege Tank  
  129  38:57  Viking  
  129  39:02  Refinery  
  131  39:12  Barracks Reactor x2  
  131  39:15  Barracks Reactor  
  131  39:18  Orbital Command  
  127  39:28  SCV  
  127  39:30  SCV, Marine x2  
  131  39:37  Siege Tank  
  131  39:38  Widow Mine  
  136  39:39  Marine x5  
  141  39:48  SCV, Marine  
  141  39:50  Missile Turret  
  141  39:52  Missile Turret  
  140  39:59  SCV  
  141  40:00  SCV, Barracks Tech Lab  
  141  40:04  Marine x2  
  141  40:05  Marine x4  
  141  40:06  Widow Mine  
  115  40:20  Marine x2  
  113  40:22  Marine x3  
  113  40:23  Marine x3  
  113  40:25  Marine  
  120  40:40  Marine x7  
  120  40:41  Marine  
  120  40:42  Marauder x2, Marine  
  133  40:43  Marine  
  133  40:46  Marine  
  133  40:47  Marine  
  133  40:48  Widow Mine x2  
  135  40:58  Marine x7  
  135  40:59  Marine  
  135  41:01  Marine  
  135  41:03  Marine x3  
  107  41:04  Marine x2  
  101  41:15  Marine, Viking x2  
  101  41:16  Widow Mine, Marine x5  
  101  41:17  Widow Mine, Marine  
  112  41:19  Marine  
  112  41:21  Marine x3  
  112  41:22  Marine x2  
  118  41:33  Marine x2  
  118  41:34  Marine x5  
  118  41:37  Marine  
  118  41:39  Marine x3  
  129  41:40  Marine x2  
  129  41:45  Widow Mine  
  133  41:51  Marine x3  
  133  41:52  Marine x2  
  138  41:55  Marauder  
  138  41:57  Marine x3  
  138  41:58  Marine x2  
  145  42:01  Missile Turret  
  145  42:04  Missile Turret  
  145  42:22  Viking x2  
  147  42:23  Marine  
  147  42:24  Marauder x2, Marine  
  147  42:25  Viking  
  157  42:50  Widow Mine  
  156  42:56  Thor  
  138  43:15  Marine x5  
  138  43:17  Marine x7  
  126  43:33  Marine x5  
  114  43:50  Marine  
  114  43:51  Marine x4  
  112  44:08  Marine  
  112  44:09  Marine x4  
  115  44:14  Widow Mine x2  
  119  44:24  Orbital Command  
  119  44:26  Marine x5  
  124  44:44  Marine x3  
  129  45:02  Marine x2  
  117  45:20  Marine x2  
  118  45:39  SCV  
  118  45:41  Marine x2  
  121  45:51  SCV  
  121  45:53  Refinery  
  122  45:59  Marine x2  
  122  46:03  SCV  
  76  46:17  Marine x2  
  74  46:25  SCV  
  70  46:32  Marine x7  
  76  46:34  Marine  
  76  46:35  Marine  
  78  46:42  Widow Mine  
  78  46:46  Widow Mine  
  82  46:49  Marine  
  82  46:50  Marine x6  
  82  46:51  Orbital Command  
  82  46:52  Marine x2  
  90  46:59  Medivac x2  
  91  47:03  Liberator  
  91  47:07  Marine  
  91  47:08  Marauder, Marine x4  
  98  47:10  Marine x2  
  98  47:14  Widow Mine  
  98  47:15  Widow Mine  
  107  47:28  SCV, Marine x2  
  112  47:30  Marauder  
  112  47:40  SCV  
  112  47:43  SCV  
  114  47:46  Marine  
  117  47:51  Marauder  
  117  47:52  SCV  
  117  47:55  SCV  
  117  47:58  Missile Turret  
  89  48:12  Marauder  
  89  48:17  SCV  
  90  48:20  SCV  
  90  48:23  Refinery  
  91  48:27  Marine x3  
  91  48:28  Marine x3  
  91  48:29  SCV  
  91  48:32  SCV  
  91  48:33  Marine  
  100  48:39  Liberator x2  
  101  48:41  SCV  
  101  48:44  SCV  
  102  48:52  Siege Tank  
  102  48:53  Siege Tank, SCV  
  109  48:58  Medivac  
  117  49:06  Bunker, Missile Turret  
  117  49:16  SCV  
  118  49:18  Refinery  
  118  49:20  Refinery  
  118  49:23  Command Center  
  118  49:28  SCV  
  118  49:30  Liberator  
  110  49:33  Liberator  
  110  49:40  SCV, Marine x2  
  99  49:52  SCV  
  106  49:58  Marine x2  
  108  50:04  SCV  
  109  50:09  Siege Tank x2  
  115  50:15  Marine  
  115  50:16  Marine x8  
  124  50:29  Medivac  
  124  50:33  Marine x3  
  124  50:34  Marauder, Marine  
  132  50:51  Marine  
  132  50:55  Marine  
  132  50:56  Refinery  
  134  50:59  Marine x5  
  134  51:00  Marine x2  
  141  51:09  Marine  
  142  51:12  Starport  
  142  51:14  Marauder  
  142  51:17  Marine x4  
  148  51:21  Refinery  
  148  51:23  Planetary Fortress, Missile Turret  
  148  51:25  Missile Turret  
  148  51:46  Marine  
  148  51:47  Marine  
  148  51:48  Marine  
  148  51:49  Marine  
  148  51:50  Marine  
  148  51:51  Marine x2  
  148  51:52  Marine  
  148  51:53  Marine  
  133  52:04  Marine  
  133  52:05  Marine  
  133  52:06  Marine  
  133  52:07  Marine  
  137  52:08  Marine  
  137  52:09  Marine x2  
  137  52:10  Marine x2  
  142  52:22  Marine  
  143  52:23  Marine x2  
  143  52:25  Marine  
  143  52:26  Marine  
  143  52:27  Marine  
  148  52:38  Marine x2  
  148  52:47  Missile Turret  
  148  53:05  Supply Depot  
  148  53:08  Supply Depot, Missile Turret  
  148  53:09  Supply Depot x2  
  148  53:26  Marine x8  
  156  53:29  Marine  
  156  53:30  Missile Turret  
  156  53:33  Supply Depot  
  157  53:39  Missile Turret  
  166  53:42  Refinery  
  166  53:44  Marine x8  
  166  53:47  Marine  
  185  54:12  Missile Turret  
Show
View Real Time Build Order
Export as new Build Order

llllllllllll Protoss 

Build Orders:  

Get SALT Encoding   

  12  0:01  Probe (Chrono Boost)  
  13  0:12  Probe (Chrono Boost)  
  14  0:20  Pylon  
  14  0:22  Probe (Chrono Boost)  
  15  0:39  Probe (Chrono Boost)  
  15  0:41  Pylon  
  16  0:49  Probe (Chrono Boost)  
  17  1:01  Gateway  
  17  1:05  Forge  
  17  1:08  Probe (Chrono Boost)  
  18  1:13  Assimilator  
  18  1:28  Probe (Chrono Boost)  
  19  1:39  Probe (Chrono Boost), Assimilator  
  20  1:53  Photon Cannon  
  20  1:55  Photon Cannon  
  20  1:58  Cybernetics Core  
  20  2:07  Probe (Chrono Boost)  
  21  2:16  Pylon  
  21  2:18  Probe (Chrono Boost)  
  22  2:38  Stalker  
  22  2:41  Warp Gate, Pylon  
  24  2:48  Gateway  
  24  3:06  Nexus  
  24  3:10  Probe (Chrono Boost)  
  25  3:21  Stalker  
  25  3:24  Probe (Chrono Boost)  
  28  3:36  Stalker  
  30  3:43  Pylon  
  30  3:47  Probe (Chrono Boost)  
  31  3:58  Probe (Chrono Boost)  
  31  4:02  Robotics Facility  
  32  4:05  Adept  
  32  4:08  Probe (Chrono Boost)  
  35  4:11  Adept  
  37  4:21  Probe (Chrono Boost)  
  38  4:28  Probe (Chrono Boost)  
  39  4:32  Probe (Chrono Boost)  
  39  4:38  Probe (Chrono Boost)  
  41  4:49  Probe (Chrono Boost)  
  42  4:57  Stargate  
  42  4:59  Probe (Chrono Boost)  
  43  5:01  Stalker x2  
  43  5:06  Observer (Chrono Boost)  
  48  5:26  Observer (Chrono Boost)  
  48  5:28  Stalker x2  
  53  5:42  Assimilator  
  53  5:44  Assimilator  
  53  5:45  Immortal (Chrono Boost)  
  53  5:46  Oracle  
  60  5:58  Mothership Core  
  62  6:18  Probe  
  62  6:25  Oracle  
  63  6:28  Probe, Gateway  
  63  6:29  Gateway  
  67  6:39  Probe  
  67  6:46  Stalker x2  
  67  6:49  Probe  
  70  6:54  Immortal (Chrono Boost)  
  60  7:13  Stalker x2  
  65  7:23  Void Ray (Chrono Boost)  
  66  7:49  Probe  
  67  8:00  Probe  
  67  8:04  Pylon  
  68  8:11  Pylon  
  68  8:14  Pylon  
  68  8:22  Void Ray, Photon Cannon  
  68  8:23  Immortal (Chrono Boost), Adept  
  69  8:43  Stalker  
  69  8:44  Stalker x3  
  69  8:47  Probe  
  78  8:57  Immortal (Chrono Boost)  
  78  8:59  Probe  
  83  9:03  Protoss Ground Weapons Level 1 (Chrono Boost)  
  83  9:04  Twilight Council  
  83  9:11  Pylon  
  83  9:14  Void Ray  
  87  9:19  Protoss Air Weapons Level 1  
  87  9:22  Stalker  
  87  9:23  Stalker x2  
  93  9:44  Photon Cannon  
  93  9:46  Immortal  
  97  10:25  Immortal  
  101  10:39  Nexus  
  101  10:41  Pylon  
  101  10:42  Pylon  
  101  10:44  Protoss Shields Level 1 (Chrono Boost), Pylon  
  101  10:46  Pylon  
  101  10:53  Templar Archives  
  101  11:07  Pylon  
  101  11:12  Stalker x4  
  93  11:55  Stalker x4  
  96  12:07  Phoenix  
  98  12:19  High Templar x3  
  98  12:20  High Templar  
  106  12:28  Probe  
  107  12:32  Phoenix  
  107  12:35  Probe  
  110  12:38  Probe  
  111  12:45  Probe  
  111  12:47  Probe  
  114  12:56  Probe  
  112  12:59  Probe  
  113  13:06  Probe  
  113  13:09  Nexus  
  113  13:11  Probe  
  115  13:15  Psionic Storm  
  115  13:17  Probe  
  116  13:59  Probe  
  116  14:01  Probe  
  118  14:10  Probe  
  118  14:13  Probe  
  120  14:20  Probe  
  121  14:25  Probe  
  121  14:31  Probe  
  122  14:37  Probe  
  124  14:41  Probe  
  125  14:49  Probe  
  125  14:50  Probe  
  127  14:56  High Templar  
  127  14:57  High Templar x3  
  135  15:00  Probe  
  135  15:05  Pylon  
  129  15:36  Pylon  
  129  15:41  Pylon  
  129  15:46  Stalker  
  131  15:55  Pylon  
  131  16:01  Pylon  
  131  16:17  Nexus  
  131  16:19  Pylon  
  131  16:21  Pylon  
  131  16:26  Fleet Beacon  
  131  16:42  Assimilator  
  131  16:45  Assimilator  
  131  16:46  Stalker x3  
  105  17:54  Gateway, Stalker x2  
  105  17:55  Stalker  
  105  17:58  Immortal, Gateway  
  115  17:59  Gateway  
  115  18:03  Gateway  
  115  18:04  Gateway  
  115  18:07  Gateway  
  115  18:12  Pylon  
  115  18:22  Mothership Core  
  117  18:31  Stalker x3  
  123  18:37  Immortal  
  127  18:59  Assimilator  
  127  19:01  Assimilator  
  127  19:02  Stalker x3  
  139  19:17  Immortal  
  143  19:48  Adept x2  
  143  19:49  Adept  
  149  19:56  Observer  
  138  20:49  Nexus  
  138  20:52  Pylon  
  138  20:53  Pylon  
  138  20:56  Pylon  
  138  21:04  Archon x2  
  138  21:17  Stalker x3  
  138  21:18  Stalker x4  
  150  21:20  Nexus, Stalker x2  
  131  21:52  Adept  
  131  21:53  Adept x6  
  139  21:54  Adept x2  
  143  22:27  Phoenix (Chrono Boost)  
  145  22:50  Phoenix (Chrono Boost)  
  147  22:52  Probe  
  148  22:59  Probe  
  148  23:00  Probe  
  148  23:02  Probe  
  148  23:03  Probe  
  152  23:09  Probe  
  152  23:11  Phoenix (Chrono Boost)  
  152  23:12  Probe  
  156  23:13  Probe x2  
  158  23:20  Probe  
  158  23:23  Probe  
  158  23:24  Probe x2  
  162  23:30  Probe  
  162  23:33  Phoenix (Chrono Boost)  
  162  23:34  Probe x2  
  165  23:36  Probe  
  165  23:41  Probe  
  168  23:44  Probe  
  170  23:48  Adept, Probe  
  170  23:49  Adept x6  
  170  23:50  Adept x2  
  189  24:16  Assimilator  
  189  24:19  Assimilator  
  169  24:36  Probe  
  151  24:38  Observer  
  151  24:39  Mothership Core  
  153  24:48  Adept x5  
  153  24:49  Adept x4  
  171  24:58  Probe  
  172  25:11  Charge (Chrono Boost)  
  172  25:17  Zealot x2  
  172  25:18  Zealot x3  
  172  25:19  Zealot x3  
  194  25:36  Probe  
  194  25:42  Protoss Ground Weapons Level 2 (Chrono Boost)  
  195  25:47  Probe  
  196  25:54  Observer  
  197  25:57  Probe  
  197  26:01  Zealot  
  166  27:26  Observer  
  166  27:29  Pylon  
  167  27:35  High Templar  
  167  27:36  High Templar x5  
  179  27:42  Mothership Core  
  181  27:49  Protoss Shields Level 2 (Chrono Boost)  
  181  27:54  Zealot x3  
  145  29:21  Stalker x3  
  145  29:22  Stalker x6  
  163  29:32  Protoss Ground Weapons Level 3 (Chrono Boost)  
  163  29:35  Mothership Core  
  165  29:49  Stalker x2  
  169  29:54  Warp Prism  
  171  30:09  Stalker  
  171  30:12  Tempest (Chrono Boost)  
  179  30:50  Tempest (Chrono Boost)  
  181  31:12  Nexus  
  174  31:28  Tempest (Chrono Boost)  
  180  31:49  Observer  
  179  32:05  Tempest (Chrono Boost)  
  185  32:10  Immortal  
  189  32:39  Stargate  
  189  32:40  Protoss Shields Level 3  
  189  32:42  Tempest (Chrono Boost)  
  193  32:49  Immortal  
  195  32:59  Assimilator  
  195  33:02  Assimilator  
  195  33:19  Tempest (Chrono Boost)  
  197  33:29  Immortal  
  187  33:35  Stalker  
  187  33:36  Stalker  
  184  33:56  Mothership Core  
  185  34:07  Warp Prism  
  165  34:20  Stalker x5  
  165  34:21  Stalker x4  
  181  34:44  Immortal  
  183  34:51  Nexus  
  139  35:04  Stalker x5  
  139  35:05  Stalker x4  
  153  35:18  Phoenix (Chrono Boost)  
  155  35:23  Immortal  
  159  35:30  Stalker x3  
  159  35:34  Zealot x3  
  159  35:35  Zealot x3  
  177  35:42  Mothership Core  
  154  36:02  Immortal, Stalker x3  
  154  36:04  Adept x2  
  158  36:15  Zealot x3  
  158  36:16  Zealot  
  144  36:34  Stalker x2  
  144  36:36  Zealot x4  
  144  36:37  Zealot x3  
  162  36:41  Immortal  
  172  37:04  Probe  
  173  37:10  Zealot x4  
  173  37:11  Zealot x4  
  171  37:33  Archon  
  167  37:37  Stalker x6  
  167  37:38  Stalker x2  
  181  38:23  Observer  
  158  38:39  Stalker x4  
  158  38:40  Stalker  
  158  38:41  Stalker x4  
  168  38:45  Observer  
  173  39:05  Nexus  
  173  39:14  High Templar x2  
  173  39:15  High Templar  
  161  39:45  Zealot x4  
  161  39:46  Zealot x2  
  167  39:54  Probe  
  168  40:04  Probe  
  155  40:15  Probe  
  155  40:18  Mothership Core  
  146  40:26  Probe  
  147  40:37  Probe  
  148  40:47  Probe  
  145  40:58  Probe  
  114  41:11  Archon  
  112  41:21  Zealot  
  112  41:22  Zealot x7  
  124  41:28  Observer  
  123  41:52  Probe  
  125  42:03  Probe  
  125  42:13  Probe  
  122  42:17  Zealot  
  122  42:18  Zealot x6  
  136  42:24  Probe  
  137  42:34  Probe  
  124  42:45  Probe  
  125  42:55  Probe  
  98  43:06  Probe  
  98  43:08  Zealot x5  
  98  43:09  Zealot x2  
  98  43:10  Zealot x2  
  102  43:20  Observer  
  96  43:31  Stalker x3  
  96  43:32  Stalker  
  77  44:10  Zealot x4  
  77  44:11  Zealot x3  
  91  44:41  Stalker x4  
  66  45:18  High Templar x2  
  51  45:34  Zealot x3  
  51  45:35  Zealot x2  
  37  46:50  Mothership Core  
  39  47:15  Observer  
  19  48:15  Stalker x2  
  19  48:16  Stalker  
  25  48:33  Probe, Mothership Core  
Tags
 
Add a new tag
Caveats
  • Supply blocks, unpowered buildings, or Contaminate may cause inaccurate times.
  • Supply counts are checked every 10 seconds.